 Dungeon Crawl Stone Soup version 0.30-a0-782-ge64f9170bb (webtiles) character file.

Game seed: 17323587853996075645

84 Barriton the Gusty (level 4, -4/55 HPs)
             Began as a Draconian Air Elementalist on Feb 28, 2023.
             Killed from afar by Sigmund (8 damage)
             ... with a magic dart
             ... on level 3 of the Dungeon.
             The game lasted 00:05:28 (2587 turns).

Barriton the Gusty (Draconian Air Elementalist)     Turns: 2587, Time: 00:05:29

Health: -4/55      AC: 22    Str: 11    XL:     4   Next: 24%
Magic:  7/7        EV:  2    Int: 17    God:
Gold:   72         SH:  0    Dex: 11    Spells: 6/7 levels left

rFire   + + .      SeeInvis .    j - +2 spear (heavy)
rCold   + . .      Faith    .    (no shield)
rNeg    . . .      Spirit   .    (body armour unavailable)
rPois   +          Reflect  .    (helmet currently unavailable)
rElec   +          Harm     .    (cloak currently unavailable)
rCorr   +          Rampage  .    (gloves currently unavailable)
Will    .....      NoTele   +    (boots currently unavailable)
Stlth   ++                       (no amulet)
HPRegen 0.29/turn                h - ring of protection from fire
MPRegen 0.10/turn                (no ring)

@: mighty, brilliant, tree-form, resistant, weak-willed, hasted, very quick
A: stationary, stasis, torment immunity, boosted hp, AC +5, unfitting armour,
(cold-blooded), (big wings), robust 1, (heat vulnerability 1)
a: no special abilities


You were on level 3 of the Dungeon.
You were a tree.
You visited 1 branch of the dungeon, and saw 3 of its levels.

You collected 72 gold pieces.

Inventory:

Hand Weapons
 j - a +2 heavy spear (weapon)
Jewellery
 h - a ring of protection from fire (left branch)
Potions
 a - a potion of magic
 e - a potion of lignification


   Skills:
 + Level 0.3 Fighting
 + Level 2.2 Dodging
 + Level 1.9 Stealth
 + Level 0.9 Unarmed Combat
 + Level 2.3 Spellcasting
 + Level 2.1 Conjurations
 + Level 3.7 Air Magic


You had 6 spell levels left.
You knew the following spells:

 Your Spells              Type           Power      Damage    Failure   Level
a - Shock                 Conj/Air       72%        1d7       5%          1

Your spell library contained the following spells:

 Spells                   Type           Power      Damage    Failure   Level
 Static Discharge         Conj/Air       36%        2-4/arc   9%          2
 Swiftness                Air            22%        N/A       12%         3
 Summon Small Mammal      Summ           12%        N/A       19%         1
 Airstrike                Air            11%        2d(2-18)  38%         4
 Call Canine Familiar     Summ           3%         N/A       50%         3
 Summon Guardian Golem    Hex/Summ       3%         N/A       50%         3


Dungeon Overview and Level Annotations

Branches:
Dungeon (3/15)

Altars:
Yredelemnul

Annotations:
D:3 Sigmund


Innate Abilities, Weirdness & Mutations

You are a tree.
Your roots penetrate the ground, keeping you stationary.
You cannot be teleported.
You are immune to unholy pain and torment.
Your maximum health is greatly increased.
Your equipment is partially melded.
((Your plain brown scales are hard. (AC +5)))
You cannot fit into any form of body armour.
((You are cold-blooded and may be slowed by cold attacks.))
((Your large and strong wings let you fly.))
You are robust. (+10% HP)
((You are vulnerable to heat. (rF-)))


Message History

Sigmund hits you but does no damage.
It was a potion of resistance.
You feel protected.
It was a potion of flight.
Your roots keep you in place.
Sigmund hits you but does no damage.
You cannot move.
You cannot move.
You cannot move.
You cannot move.
You cannot move.
You cannot move.
You cannot move.
You cannot move.
Sigmund barely misses you.
Sigmund hits you from afar with a +0 scythe.
* * * LOW HITPOINT WARNING * * *
Sigmund gestures at you while chanting. The puff of flame hits you. You resist.
* * * LOW HITPOINT WARNING * * *
Sigmund hits you but does no damage. Sigmund hits you but does no damage.
Sigmund hits you but does no damage. Sigmund hits you but does no damage.
Sigmund casts a spell at you.
The puff of flame hits you but does no damage.
Sigmund points at you and mumbles some strange words.
You resist with some effort.
Sigmund hits you from afar with a +0 scythe.
* * * LOW HITPOINT WARNING * * *
Sigmund hits you but does no damage.
Okay, then.
As you read the scroll labelled QIOV NUWEMP, it crumbles to dust.
Magic quickly surges around you.
It was a scroll of vulnerability.
Sigmund hits you but does no damage.
Sigmund points at you and mumbles some strange words.
The puff of flame hits you. You resist.
* * * LOW HITPOINT WARNING * * *
Sigmund gestures at you while chanting. The magic dart hits you!
You die...

#.#.# #.#.# #.#.# ## #.#.# #.#<#
... #.#.# #.#.# .... #.#.# #.#.#
..... #.#.# ##.#.#
......######.#.# .....#
.......@.♣...#.# .....#
###########..#.#
.....#.#............#.#
.....#.#.#######.#.##.#
##.#.#.#.#............##########
#.#.#.#.##...#.##.............#
##.#.#.#.##...#....##########.##
...#.#.#.##...####.# #.#
####.#.#.##...# #.# #.#


You could see Sigmund (weak-willed).

Vanquished Creatures
  2 adders (D:2)
  3 worms (D:2)
  2 dart slugs (D:2)
  5 bats
  4 endoplasms
  3 giant cockroaches
  2 goblins
  3 hobgoblins
  7 jackals
  4 quokkas
  3 ball pythons
  A frilled lizard (D:1)
  6 kobolds
  3 rats (D:1)
48 creatures vanquished.

Notes
Turn   | Place    | Note
-------+----------+-------------------------------------------
     0 | D:1      | Barriton the Draconian Air Elementalist began the quest for
                  | the Orb.
     0 | D:1      | Reached XP level 1. HP: 14/14 MP: 3/3
   349 | D:1      | Found a faded altar of an unknown god.
   356 | D:1      | Reached XP level 2. HP: 20/20 MP: 3/5
  1142 | D:1      | Reached XP level 3. HP: 26/26 MP: 4/6
  1544 | D:2      | Reached XP level 4. HP: 30/34 MP: 0/7
  1799 | D:2      | Found a basalt altar of Yredelemnul.
  2171 | D:2      | Gained mutation: You are vulnerable to heat. (rF-) [potion
                  | of mutation]
  2171 | D:2      | Gained mutation: You are robust. (+10% HP) [potion of
                  | mutation]
  2171 | D:2      | Gained mutation: Your large and strong wings let you fly.
                  | [potion of mutation]
  2515 | D:3      | Noticed Sigmund
  2587 | D:3      | Killed from afar by Sigmund

Illustrated notes

Levels and vault maps discovered:
D:1:      dpeg_arrival_pond, layout_basic, basic_ecumenical_altar
D:2:      layout_rooms, basic_altar
D:3:      layout_basic, uniq_terence, uniq_sigmund

Skill      XL: |  1  2  3 |
---------------+----------+-----
Dodging        | 2 |  2.2
Conjurations   | 2 |  2.1
Fighting       | |  0.3
Stealth        | |  1.9
Unarmed Combat | |  0.9
Spellcasting   | |  2.3
Air Magic      | |  3.7

Action                     |  1- 3 |  4- 6 || total
---------------------------+-------+-------++-------
  Melee: Unarmed           |    79 |    18 ||    97
         Tailslap          |     8 |     5 ||    13
   Cast: Shock             |    72 |    29 ||   101
    Use: Scroll            |     3 |     4 ||     7
         Potion            |       |     8 ||     8
 Armour: Skin              |    48 |    15 ||    63
  Dodge: Dodged            |    94 |    11 ||   105

Table legend: (Time is in decaauts)
 A = Elapsed time spent in this place.
 B = Non-inter-level travel time spent in this place.
 C = Inter-level travel time spent in this place.
 D = Time resting spent in this place.
 E = Time spent auto-exploring this place.
 F = Levels seen in this place.
 G = Mean time per level.
                   A        B        C        D        E       F      G
               +--------+--------+--------+--------+--------+-----+--------+
         Total |   2573 |   2513 |     60 |      0 |   2085 |   3 |  857.7 |
       Dungeon |   2573 |   2513 |     60 |      0 |   2085 |   3 |  857.7 |
               +--------+--------+--------+--------+--------+-----+--------+

Top non-repeatable levels by time:
     D:1: 1247 daAuts
     D:2: 957 daAuts
     D:3: 369 daAuts
